 Dungeon Crawl Stone Soup version 0.30-a0-862-g1aabd4f9c5 (webtiles) character file.

Game seed: 6655303063310274357

647 IdlyInterested the Slasher (level 7, 0/53 HPs)
             Began as a Demonspawn Gladiator on Mar 9, 2023.
             Slain by an ogre
             ... wielding a +0 giant club
              (12 damage)
             ... on level 5 of the Dungeon.
             The game lasted 00:12:45 (4293 turns).

IdlyInterested the Slasher (Demonspawn Gladiator)   Turns: 4293, Time: 00:12:46

Health: 0/53       AC: 10    Str: 15    XL:     7   Next: 27%
Magic:  7/7        EV: 10    Int:  9    God:
Gold:   137        SH:  9    Dex: 22    Spells: 6/6 levels left

rFire   . . .      SeeInvis .    a - +1 long sword
rCold   + . .      Faith    .    b - +3 warlock's mirror {omnireflect}
rNeg    . . .      Spirit   .    j - +2 scale mail {rC+}
rPois   .          Reflect  +    (helmet restricted)
rElec   .          Rampage  .    k - +0 cloak
rCorr   .                        (no gloves)
Will    .....                    (no boots)
Stlth   +                        m - amulet of regeneration
HPRegen 1.08/turn                s - +6 ring of dexterity
MPRegen 0.10/turn                (no ring)

@: no status effects
A: antennae 1, rugged brown scales 1
a: no special abilities


You were on level 5 of the Dungeon.
You visited 1 branch of the dungeon, and saw 5 of its levels.

You collected 277 gold pieces.
You spent 140 gold pieces at shops.

Inventory:

Hand Weapons
 a - a +1 long sword (weapon)
 c - a +0 long sword
 t - a +0 falchion
Missiles
 d - 3 throwing nets
 h - 23 stones
 o - 9 poisoned darts (quivered)
 x - a javelin
Armour
 b - the +3 warlock's mirror (worn) {omnireflect}
   (You acquired it on level 2 of the Dungeon)

   Omnireflect: It can block and reflect piercing ranged attacks and magical
   attacks against the wielder's willpower.
 j - a +2 scale mail of cold resistance (worn)
 k - a +0 cloak (worn)
Jewellery
 m - an amulet of regeneration (around neck)
 s - a +6 ring of dexterity (left hand)
Scrolls
 u - a scroll of poison
 v - a scroll of summoning
 y - a scroll of enchant armour
 z - a scroll of fear
 A - a scroll of identify
 B - a scroll of magic mapping {unknown}
 C - a scroll of fog
Potions
 e - a potion of attraction
 f - a potion of flight
 g - 4 potions of curing {unknown}
 i - a potion of lignification
 l - 2 potions of heal wounds
 n - a potion of invisibility
 p - a potion of brilliance
 q - 2 potions of berserk rage {unknown}
 r - a potion of haste
 w - a potion of resistance


   Skills:
 - Level 3.0 Fighting
 * Level 5.5 Long Blades
 - Level 1.7 Throwing
 - Level 1.0 Armour
 + Level 2.9 Dodging
 - Level 1.0 Stealth
 * Level 4.1 Shields
 - Level 1.0 Evocations


You had 6 spell levels left.
You didn't know any spells.
Your spell library contained the following spells:

 Spells                   Type           Power      Damage    Failure   Level
 Summon Small Mammal      Summ           0%         N/A       91%         1
 Call Canine Familiar     Summ           0%         N/A       100%        3
 Summon Guardian Golem    Hex/Summ       0%         N/A       100%        3
 Manifold Assault         Tloc           0%         N/A       100%        4
 Dispersal                Tloc           0%         N/A       100%        6
 Disjunction              Tloc           0%         N/A       100%        8


Dungeon Overview and Level Annotations

Branches:
Dungeon (5/15)
 Temple: D:4-7

Altars:

Shops:
D:3 [   D:4 !=


Innate Abilities, Weirdness & Mutations

You have a pair of small antennae on your head.
You are partially covered in rugged brown scales. (AC +1, +3% HP)


Message History

A shadow imp comes into view.
The shadow imp shouts!
The shadow imp completely misses you.
You see here a scroll of identify.
You barely miss the shadow imp. The shadow imp closely misses you.
You slash the shadow imp!
You kill the shadow imp!
A - a scroll of identify
There are no items here.
B - a scroll labelled OCWOUW HAOCH You open the door.
There is an open door here.
C - a scroll of fog
Found a kite shield.
You see here a +0 kite shield.
Found a stone staircase leading down.
There is an open door here.
h - 23 stones (gained 4)
There is an open door here.
You open the door.
There is an open door here.
Found a cloak.
An ogre comes into view. It is wielding a +0 giant club.
You see here 8 stones.
You hit the ogre but do no damage.
The ogre hits you with a +0 giant club!!
You slash the ogre!
The ogre is moderately wounded.
The ogre barely misses you.
You slash the ogre!
The ogre is heavily wounded.
You completely miss the ogre.
The ogre is heavily wounded.
The ogre hits you with a +0 giant club!!
Ouch! That really hurt!
* * * LOW HITPOINT WARNING * * *
You hit the ogre.
The ogre is severely wounded.
The ogre hits you with a +0 giant club!
You die...

#....#.......# P.P.
#....#.......###P.P
#....'.......#....P
#....#.......#.#P.PPP
#....#..........P....
##...#......(...P.P
#.###########...P.P
####.....# #...P.P.P
....#....# #@..P....
....#....#


#O..PPPPP ....#....# #........ ....###### #........ ....... +[....... .......
#........ ####.... ......... .... .######## .. You could see an ogre.

Vanquished Creatures
  Eustachio (D:4)
  A phantom (D:4)
  A scorpion (D:4)
  2 orc priests (D:3)
  An iguana (D:5)
  4 orc wizards
  7 gnolls
  2 adders (D:4)
  A shadow imp (D:5)
  A white imp (D:5)
  2 worms
  2 dart slugs
  16 orcs
  5 endoplasms
  A giant cockroach (D:4)
  6 goblins
  4 hobgoblins
  3 quokkas
  6 ball pythons
  5 bats
  2 frilled lizards
  4 kobolds
  2 rats (D:1)
79 creatures vanquished.

Notes
Turn   | Place    | Note
-------+----------+-------------------------------------------
     0 | D:1      | IdlyInterested the Demonspawn Gladiator began the quest for
                  | the Orb.
     0 | D:1      | Reached XP level 1. HP: 16/16 MP: 1/1
   228 | D:1      | Reached skill level 3 in Long Blades
   296 | D:1      | Gained mutation: You are partially covered in rugged brown
                  | scales. (AC +1, +3% HP) [demonic ancestry]
   296 | D:1      | Reached XP level 2. HP: 16/22 MP: 2/2
   386 | D:1      | Found a faded altar of an unknown god.
   735 | D:1      | Reached skill level 1 in Stealth
  1077 | D:2      | Identified a scroll of acquirement
  1077 | D:2      | Acquired the +3 warlock's mirror {omnireflect}
  1077 | D:2      | Found the +3 warlock's mirror {omnireflect}
  1217 | D:2      | Reached XP level 3. HP: 27/27 MP: 3/3
  1291 | D:2      | Reached skill level 1 in Shields
  1293 | D:2      | Reached skill level 1 in Armour
  1306 | D:2      | Reached XP level 4. HP: 25/33 MP: 4/4
  1837 | D:3      | Reached skill level 4 in Long Blades
  2420 | D:3      | Reached skill level 1 in Evocations
  2420 | D:3      | Reached XP level 5. HP: 39/39 MP: 5/5
  2528 | D:3      | Found Kummeeju's Antique Armour Emporium.
  2705 | D:3      | Identified the +9 mace "Kaekiq" {holy, Dex+5}
  2778 | D:3      | Bought a runed scale mail for 140 gold pieces
  3004 | D:4      | Reached XP level 6. HP: 44/47 MP: 6/6
  3040 | D:4      | Noticed Eustachio
  3084 | D:4      | Killed Eustachio
  3085 | D:4      | Reached skill level 5 in Long Blades
  3171 | D:4      | Gained mutation: You have a pair of small antennae on your
                  | head. [demonic ancestry]
  3171 | D:4      | Reached XP level 7. HP: 50/53 MP: 7/7
  3367 | D:4      | Found Rozxib's Jewellery Shop.
  3788 | D:4      | Found Siarut's Distillery.
  3992 | D:5      | Entered Level 5 of the Dungeon
  4293 | D:5      | Slain by an ogre

Illustrated notes

Levels and vault maps discovered:
D:1:      giann_wishing_wells, layout_basic, basic_ecumenical_altar
D:2:      layout_basic
D:3:      cheibrodos_pilgrimage, layout_basic, serial_shops, shop,
          kennysheep_generic_room_2
D:4:      layout_loops_ring, serial_shops, nicolae_shop_statue_plus,
          nicolae_shop_statue_plus, uniq_eustachio
D:5:      layout_gridville, minmay_hedge_maze

Skill      XL: |  1  2  3  4  5  6  7 |
---------------+----------------------+-----
Long Blades    | 3 4 5 |  5.5
Stealth        | 1 |  1.0
Shields        | 1 2 3 4 |  4.1
Armour         | 1 |  1.0
Evocations     | 1 |  1.0
Fighting       | 3 |  3.0
Throwing       | |  1.7
Dodging        | |  2.9

Action                     |  1- 3 |  4- 6 |  7- 9 || total
---------------------------+-------+-------+-------++-------
  Melee: Long sword        |   105 |   139 |    71 ||   315
         Punch             |     1 |       |       ||     1
  Throw: Javelin           |     1 |       |       ||     1
         Dart              |       |     3 |       ||     3
    Use: Scroll            |     7 |     8 |     1 ||    16
         Potion            |     2 |     3 |       ||     5
   Stab: Sleeping          |     2 |       |       ||     2
         Confused          |       |       |     1 ||     1
 Armour: Leather armour    |    28 |       |       ||    28
         Ring mail         |    13 |    25 |       ||    38
         Skin              |       |     2 |       ||     2
         Scale mail        |       |    16 |    19 ||    35
  Dodge: Dodged            |    74 |    53 |    15 ||   142
  Block: Buckler           |    17 |    52 |    24 ||    93
         Reflection        |       |     8 |     1 ||     9

Table legend: (Time is in decaauts)
 A = Elapsed time spent in this place.
 B = Non-inter-level travel time spent in this place.
 C = Inter-level travel time spent in this place.
 D = Time resting spent in this place.
 E = Time spent auto-exploring this place.
 F = Levels seen in this place.
 G = Mean time per level.
                   A        B        C        D        E       F      G
               +--------+--------+--------+--------+--------+-----+--------+
         Total |   4347 |   3560 |    787 |    174 |   2241 |   5 |  869.4 |
       Dungeon |   4347 |   3560 |    787 |    174 |   2241 |   5 |  869.4 |
               +--------+--------+--------+--------+--------+-----+--------+

Top non-repeatable levels by time:
     D:3: 1332 daAuts
     D:1: 1044 daAuts
     D:4: 1042 daAuts
     D:2: 697 daAuts
     D:5: 230 daAuts
